 Seeded DCSS version 0.30.1-11-g7821555f0a (webtiles) character file.

Game seed: 6351066067085065685 (custom seed)

40261 Esekla the Eclecticist (level 13, -6/76 HPs)
             Began as a Deep Elf Wanderer on Dec 14, 2023.
             Was a High Priest of Vehumet.
             Engulfed by a cloud of freezing vapour (20 damage)
             ... on level 5 of the Lair of Beasts on Dec 25, 2023.
             The game lasted 02:08:28 (16169 turns).

Esekla the Eclecticist (Deep Elf Wanderer)         Turns: 16169, Time: 02:08:29

Health: -6/76      AC: 12    Str: 11    XL:     13   Next: 73%
Magic:  29/45      EV: 15    Int: 24    God:    Vehumet [*****.]
Gold:   1136       SH:  4    Dex: 14    Spells: 4/46 levels left

rFire   . . .        s - +5 rapier of the Hero {heavy, rN+ Dex+3}
rCold   . . .        d - +0 buckler
rNeg    + . .        Q - +0 troll leather armour
rPois   .            g - +1 helmet
rElec   .            p - +1 cloak
rCorr   .            k - +0 pair of gloves
SInv    .            o - +1 pair of boots {rampage}
Will    +....        A - amulet of magic regeneration
Stlth   ++           l - ring of magical power
HPRegen 1.12/turn    R - ring of the Mage {Wiz Archmagi}
MPRegen 0.69/turn

%: rampage, wizardry (x1), archmagi
@: studying Fighting
A: no striking features
a: Renounce Religion


You were on level 5 of the Lair of Beasts.
You worshipped Vehumet.
Vehumet was extremely pleased with you.
You visited 3 branches of the dungeon, and saw 19 of its levels.
You also visited: Bailey.

You collected 1850 gold pieces.
You spent 714 gold pieces at shops.

Inventory:

Hand Weapons
 a - a +2 vampiric dagger
 c - a +5 scimitar
 r - a +4 trident of venom
 s - the +5 rapier of the Hero (weapon) {heavy, rN+ Dex+3}
   (You found it on level 3 of the Dungeon)

   Dex:       It affects your dexterity (+3).
   rN:        It protects you from negative energy.
 v - a +2 rapier of venom
Missiles
 x - 59 poisoned darts
 L - 2 curare-tipped darts
 N - 12 boomerangs (quivered)
Armour
 d - a +0 buckler (worn)
 g - a +1 helmet (worn)
 k - a +0 pair of gloves (worn)
 o - a +1 pair of boots of rampaging (worn)
 p - a +1 cloak (worn)
 Q - a +0 troll leather armour (worn)
Jewellery
 l - a ring of magical power (left hand)
 A - an amulet of magic regeneration (around neck)
 J - a ring of ice
 K - an amulet of reflection
 R - the ring of the Mage (right hand) {Wiz Archmagi}
   (You bought it in a shop on level 2 of the Dungeon)

   [ring of wizardry]

   It improves your spell success rate.
   Archmagi:  It increases the power of your magical spells.
Wands
 i - a wand of roots (33)
 t - a wand of digging (9)
 B - a wand of flame (24)
 H - a wand of mindburst (9)
Scrolls
 n - 4 scrolls of enchant weapon {unknown}
 q - 4 scrolls of identify
 u - 3 scrolls of fog
 w - 5 scrolls of blinking {unknown}
 y - 2 scrolls of silence
 z - a scroll of magic mapping
 D - 2 scrolls of fear
 E - 6 scrolls of teleportation
 G - 2 scrolls of poison
 P - 3 scrolls of acquirement
Potions
 b - 4 potions of lignification
 e - 3 potions of ambrosia
 f - 6 potions of attraction
 h - 2 potions of heal wounds
 j - 10 potions of curing
 m - 2 potions of magic {unknown}
 C - a potion of cancellation
 I - 3 potions of haste
 M - 4 potions of brilliance
 S - 3 potions of flight {unknown}


   Skills:
 * Level 6.7 Fighting
 + Level 3.6 Short Blades
 + Level 2.0 Throwing
 * Level 3.1 Armour
 * Level 8.9 Dodging
 + Level 3.7 Stealth
 + Level 2.7 Shields
 * Level 17.1 Spellcasting
 + Level 7.2 Conjurations
 + Level 10.2 Necromancy
 + Level 4.3 Translocations
 - Level 4.3 Transmutations
 + Level 5.4 Fire Magic
 * Level 5.9 Ice Magic
 * Level 5.6 Air Magic
 * Level 3.9 Earth Magic
 * Level 5.3 Poison Magic
 + Level 1.0 Invocations
 + Level 0.3 Evocations


You had 4 spell levels left.
You knew the following spells:

 Your Spells              Type           Power      Damage    Failure   Level
b - Blink                 Tloc           100%       N/A       1%          2
c - Mephitic Cloud        Conj/Pois/Air  65%        N/A       1%          3
d - Vampiric Draining     Necr           81%        2d11      1%          3
e - Searing Ray           Conj           100%       2d8       1%          2
f - Fireball              Conj/Fire      33%        3d14      1%          5
g - Ozocubu's Refrigerat  Ice            32%        4d14      32%         7
n - Ignite Poison         Fire/Tmut/Pois 61%        N/A       1%          3
p - Apportation           Tloc           100%       N/A       1%          1
r - Frozen Ramparts       Ice            100%       1d16      1%          3
v - Poisonous Vapours     Pois/Air       100%       N/A       1%          2
w - Wereblood             Tmut           58%        N/A       1%          2
y - Sticky Flame          Conj/Fire      67%        2d8       1%          4
z - Freezing Cloud        Conj/Ice/Air   33%        6-21      1%          5

Your spell library contained the following spells:

 Spells                   Type           Power      Damage    Failure   Level
 Foxfire                  Conj/Fire      100%       2x1d9     1%          1
 Magic Dart               Conj           100%       1d8       1%          1
 Lesser Beckoning         Tloc           100%       N/A       1%          2
 Sublimation of Blood     Necr           81%        N/A       1%          2
 Gell's Gravitas          Tloc           58%        N/A       1%          3
 Hailstorm                Conj/Ice       68%        3d14      1%          3
 Spider Form              Tmut/Pois      60%        N/A       1%          3
 Teleport Other           Tloc           58%        N/A       1%          3
 Manifold Assault         Tloc           58%        N/A       3%          4
 Cause Fear               Hex            15%        N/A       19%         4
 Arcjolt                  Conj/Air       33%        1d43      1%          5
 Starburst                Conj/Fire      33%        6d10      6%          6
 Plasma Beam              Fire/Air       31%        2x1d48    9%          6
 Dispersal                Tloc           29%        N/A       43%         6
 Summon Mana Viper        Hex/Summ       30%        N/A       45%         5
 Ignition                 Fire           31%        3d10      92%         8
 Summon Hydra             Summ           15%        N/A       100%        7
 Disjunction              Tloc           29%        N/A       100%        8


Dungeon Overview and Level Annotations

Branches:
Dungeon (12/15)            Temple (0/1) D:6            Lair (5/5) D:11
 Shoals (0/4) Lair:2       Spider (0/4) Lair:3          Orc (2/2) D:10
 Bailey (visited)
  Slime: Lair:4-5       Elf: Orc:2

Altars:
Dithmenos
Fedhas
Hepliaklqana
Nemelex Xobeh
Okawaru
Qazlal
Ru
Trog
Uskayaw
Vehumet
Zin
The Shining One

Shops:
D:2 =   D:4 (   D:11 *

Portals:
Trove: D:12 (lose all piety)


Message History

You feel your power returning.
Casting: Vampiric Draining (safe; 1% risk of failure)
Confirm with . or Enter, or press ? or * to list all spells.
Aiming: Vampiric Draining (safe; 1% risk of failure)
Press: ? - help, Shift-Dir - straight line, f - six-headed hydra
Aim: a six-headed hydra (flame, almost dead)
You feel a surge of power!
You draw life force from the six-headed hydra.
You kill the six-headed hydra!
Vehumet accepts your kill.
You feel your power returning.
You feel life coursing into your body.
You feel sick.
The catoblepas breathes a plume of calcifying dust at you.
The blast of calcifying dust hits you.
You feel sick.
You are no longer poisoned.
A water moccasin comes into view.
Casting: Vampiric Draining (safe; 1% risk of failure)
Confirm with . or Enter, or press ? or * to list all spells.
Aiming: Freezing Cloud (dangerous; 1% risk of failure)
Press: ? - help, Dir - move target, f - cane toad
Aim: a cane toad You feel a surge of power!
That beam is likely to hit you.
Continue anyway?
The water moccasin hisses angrily.
You are engulfed in freezing vapours.
* * * LOW HITPOINT WARNING * * *
The catoblepas breathes a plume of calcifying dust at you.
The blast of calcifying dust hits the plant!
The plant begins to die.
The blast of calcifying dust hits you.
* * * LOW HITPOINT WARNING * * *
The cane toad is engulfed in freezing vapours.
Casting: Freezing Cloud (dangerous; 1% risk of failure)
Confirm with . or Enter, or press ? or * to list all spells.
Aiming: Vampiric Draining (safe; 1% risk of failure)
Press: ? - help, Shift-Dir - straight line, f/p - cane toad
Aim: a cane toad (freezing vapour, moderately wounded)
You feel a surge of power!
You draw life force from the cane toad!
You feel life coursing into your body.
You are engulfed in freezing vapours.
You die...

##P......P........§###...
.P...............Y.#.....
.................§.......
.............#...§°......
...#....###..P..☼§§§.....
......###........☼#○....#
.###.## #......○§○....S##
###..........P§......#
...........@........
#.P......#.§F§.......
.#.......#.§§§#...<.#
........$#§§§...Y..#
....##.....=.#..#.##
............###...#
##......## ...# .......P


You could see a yak, a cane toad and a water moccasin.

Vanquished Creatures
  Rupert (Lair:4)
  Harold (D:9)
  2 boulder beetles (Lair:2)
  2 hydras
  3 two-headed ogres
  Lodul (D:11)
  A skyshark (Lair:4)
  Pikel (D:7)
  3 orc knights
  5 cyclopes
  An orc sorcerer (Orc:2)
  Joseph (D:7)
  A merfolk siren (Lair:2)
  A black mamba (Lair:2)
  A torpor snail (Lair:2)
  A gargoyle (D:11)
  8 cane toads
  Psyche (D:11)
  2 rime drakes
  A kobold demonologist (D:9)
  9 komodo dragons
  2 merfolk (Lair:2)
  A polar bear (D:11)
  6 trolls
  2 hornets (Lair:3)
  5 blink frogs (Lair:1)
  10 spriggans (Lair:3)
  4 centaur simulacra (D:11)
  A culicivora (Lair:3)
  26 yaks
  A wraith (D:12)
  4 basilisks
  2 steam dragons
  5 wyverns
  Menkaure (D:7)
  2 wargs (Orc:2)
  6 ice beasts
  10 water moccasins
  A sky beast (D:6)
  14 orc warriors
  A black bear (D:6)
  13 ogres
  2 centaurs
  A boggart (Lair:3)
  12 wolves
  A phantom (D:7)
  Blork the orc (D:6)
  3 kobold brigands
  4 gnoll sergeants
  10 bullfrogs
  3 scorpions
  10 wights
  21 killer bees
  2 howler monkeys (D:10)
  An electric eel (D:11)
  2 quasits (D:8)
  6 hounds
  A jelly (D:6)
  Crazy Yiuf (D:7)
  9 orc priests
  A gnoll bouda (D:8)
  A sleepcap (D:5)
  5 iguanas
  7 hell rats (Lair:2)
  12 orc wizards
  27 gnolls
  9 adders
  3 shadow imps (D:8)
  9 white imps
  4 ufetubi
  A worm (D:4)
  3 dart slugs
  63 orcs
  4 endoplasms
  9 goblins
  7 hobgoblins
  A quokka (D:1)
  6 ball pythons
  4 bats
  4 frilled lizards
  21 kobolds
  A rat (D:2)
456 creatures vanquished.

Vanquished Creatures (others)
  An orc wizard (D:11)
  An orc (Orc:1)
2 creatures vanquished.

Grand Total: 458 creatures vanquished

Notes
Turn   | Place    | Note
-------+----------+-------------------------------------------
     0 | D:1      | Esekla the Deep Elf Wanderer began the quest for the Orb.
     0 | D:1      | Esekla set off with the following items: a +0 club, a
                  | potion of lignification, a +0 robe, a +0 buckler; and the
                  | following spells available to memorise: Apportation, Blink,
                  | Lesser Beckoning, Magic Dart, Ignite Poison, Vampiric
                  | Draining.
     0 | D:1      | Reached XP level 1. HP: 10/10 MP: 7/7
     2 | D:1      | Learned a level 1 spell: Magic Dart
     4 | D:1      | Learned a level 1 spell: Apportation
   259 | D:2      | Found Renulab's Jewellery Shop.
   264 | D:2      | You fall into a shaft and drop 2 floors!
   325 | D:4      | Found a radiant altar of Vehumet.
   333 | D:4      | Found an iron altar of Okawaru.
   345 | D:4      | Found a glowing silver altar of Zin.
   448 | D:4      | Found Ponaysk's Antique Weapon Boutique.
   596 | D:4      | Became a worshipper of Vehumet
   938 | D:3      | Reached XP level 2. HP: 15/15 MP: 5/9
   941 | D:3      | Learned a level 2 spell: Blink
  1256 | D:3      | Identified the +5 rapier of the Hero {heavy, rN+ Dex+3}
  1284 | D:2      | Reached skill level 1 in Necromancy
  1472 | D:2      | Reached skill level 5 in Spellcasting
  1539 | D:1      | Reached XP level 3. HP: 19/19 MP: 11/11
  1674 | D:1      | Learned a level 3 spell: Ignite Poison
  1678 | D:1      | Learned a level 3 spell: Vampiric Draining
  1748 | D:1      | Reached * piety under Vehumet
  1748 | D:1      | Offered knowledge of Shock by Vehumet.
  2093 | D:2      | Reached skill level 1 in Conjurations
  2176 | D:2      | Found a faded altar of an unknown god.
  2199 | D:2      | Reached XP level 4. HP: 24/24 MP: 11/13
  2268 | D:2      | Reached skill level 1 in Short Blades
  2603 | D:5      | Entered Level 5 of the Dungeon
  2614 | D:5      | Got the Parchment of the Lumpy Olives
  2638 | D:5      | Found a shadowy altar of Dithmenos.
  2724 | D:5      | Noticed a scorpion
  2734 | D:5      | Killed a scorpion
  2735 | D:5      | Reached skill level 1 in Dodging
  2735 | D:5      | Reached skill level 6 in Spellcasting
  2735 | D:5      | Reached XP level 5. HP: 28/28 MP: 11/15
  2819 | D:5      | Reached XP level 6. HP: 30/32 MP: 17/17
  3126 | D:3      | Found a stormy altar of Qazlal.
  3143 | D:3      | Found a bloodstained altar of Trog.
  3145 | D:3      | Found a hazy altar of Hepliaklqana.
  3152 | D:3      | Reached skill level 7 in Spellcasting
  3342 | D:4      | Found a glowing golden altar of the Shining One.
  3357 | D:4      | Offered knowledge of Searing Ray by Vehumet.
  3365 | D:4      | Learned a level 2 spell: Searing Ray
  3441 | D:4      | Reached ** piety under Vehumet
  3817 | D:5      | Reached XP level 7. HP: 30/36 MP: 3/20
  4483 | D:6      | Noticed Blork the orc
  4498 | D:6      | Killed Blork the orc
  4499 | D:6      | Reached skill level 8 in Spellcasting
  4578 | D:6      | Noticed Pikel
  4589 | D:7      | Killed Pikel
  4590 | D:7      | Reached skill level 9 in Spellcasting
  4590 | D:7      | Reached skill level 5 in Necromancy
  4590 | D:7      | Reached XP level 8. HP: 41/41 MP: 12/23
  4624 | D:6      | Reached skill level 10 in Spellcasting
  4672 | D:7      | Found a runed translucent door.
  4673 | D:7      | Noticed Crazy Yiuf
  4681 | D:7      | Killed Crazy Yiuf
  4745 | D:6      | Found a staircase to the Ecumenical Temple.
  4902 | D:6      | Offered knowledge of Dazzling Flash by Vehumet.
  4952 | D:6      | Found a blossoming altar of Fedhas.
  5204 | D:7      | Noticed Menkaure
  5211 | D:7      | Killed Menkaure
  5212 | D:7      | Reached XP level 9. HP: 42/45 MP: 20/25
  5283 | D:7      | Reached skill level 11 in Spellcasting
  5481 | D:7      | Reached skill level 5 in Dodging
  5485 | D:7      | Reached *** piety under Vehumet
  5929 | D:7      | Noticed Joseph
  6024 | D:8      | Reached skill level 1 in Poison Magic
  6044 | D:8      | Offered knowledge of Frozen Ramparts by Vehumet.
  6049 | D:8      | Learned a level 3 spell: Frozen Ramparts
  6123 | D:8      | Reached skill level 1 in Transmutations
  6296 | D:8      | Reached skill level 1 in Fire Magic
  6324 | D:8      | Reached skill level 1 in Ice Magic
  6489 | D:8      | Noticed a two-headed ogre
  6502 | D:8      | Reached **** piety under Vehumet
  6532 | D:8      | Reached skill level 12 in Spellcasting
  6543 | D:8      | Found a hide-covered altar of Uskayaw.
  6609 | D:8      | Found a transporter.
  6610 | D:8      | Found a transporter.
  6611 | D:8      | Found a transporter.
  6644 | D:8      | Found a transporter.
  6766 | D:8      | Killed a two-headed ogre
  6767 | D:8      | Reached XP level 10. HP: 50/50 MP: 28/28
  7095 | D:9      | Found a flagged portal.
  7097 | D:9      | Offered knowledge of Arcjolt by Vehumet.
  7114 | D:9      | Learned a level 5 spell: Arcjolt
  7116 | Bailey   | Entered a bailey
  7419 | Bailey   | Identified the +2 bardiche of Puhoisos {heavy, rElec
                  | Stlth+}
  7423 | Bailey   | Noticed an orc knight
  7423 | Bailey   | Noticed an orc knight
  7494 | Bailey   | Killed an orc knight
  7505 | Bailey   | Killed an orc knight
  7506 | Bailey   | Reached skill level 1 in Throwing
  7506 | Bailey   | Reached skill level 1 in Air Magic
  7639 | Bailey   | Reached skill level 1 in Fighting
  7755 | D:9      | Noticed a two-headed ogre
  7759 | D:9      | Killed a two-headed ogre
  7760 | D:9      | Reached skill level 13 in Spellcasting
  7921 | D:9      | Noticed a soul eater
  7928 | D:9      | Reached skill level 5 in Conjurations
  8165 | D:9      | Found a sparkling altar of Nemelex Xobeh.
  8270 | D:9      | Noticed a cyclops
  8281 | D:9      | Killed a cyclops
  8326 | D:9      | Noticed a cyclops
  8336 | D:9      | Reached ***** piety under Vehumet
  8767 | D:9      | Offered knowledge of Eringya's Noxious Bog by Vehumet.
  8787 | D:9      | Killed a cyclops
  8788 | D:9      | Reached XP level 11. HP: 51/58 MP: 30/30
  9043 | D:7      | Killed Joseph
  9093 | D:10     | Entered Level 10 of the Dungeon
  9873 | D:10     | Found a staircase to the Orcish Mines.
  9890 | Orc:1    | Entered Level 1 of the Orcish Mines
  9895 | Orc:1    | Noticed an orc warlord
  9902 | Orc:2    | Entered Level 2 of the Orcish Mines
 10036 | Orc:1    | Noticed an orc knight
 10054 | Orc:2    | Killed an orc knight
 10055 | Orc:2    | Reached skill level 14 in Spellcasting
 10083 | Orc:2    | Noticed an orc sorcerer
 10092 | Orc:2    | Killed an orc sorcerer
 10538 | D:10     | Found a sacrificial altar of Ru.
 10800 | D:2      | Bought the ring of the Mage {Wiz Archmagi} for 714 gold
                  | pieces
 10800 | D:2      | Found the ring of the Mage {Wiz Archmagi}
 11111 | D:9      | Noticed Harold
 11140 | D:9      | Killed Harold
 11287 | D:11     | Found a staircase to the Lair.
 11419 | D:12     | Learned a level 2 spell: Wereblood
 11710 | D:12     | Found a portal to a secret trove of treasure.
 11774 | D:12     | Learned a level 3 spell: Mephitic Cloud
 11777 | D:12     | Learned a level 2 spell: Poisonous Vapours
 11783 | D:12     | Learned a level 5 spell: Freezing Cloud
 11909 | D:12     | Learned a level 5 spell: Fireball
 11964 | D:12     | Noticed a red ugly thing
 12068 | D:12     | Reached skill level 1 in Armour
 12085 | D:11     | Noticed Lodul
 12089 | D:11     | Killed Lodul
 12090 | D:11     | Reached XP level 12. HP: 67/67 MP: 32/32
 12101 | D:11     | Reached skill level 15 in Spellcasting
 12149 | D:11     | Offered knowledge of Sticky Flame by Vehumet.
 12156 | Lair:1   | Entered Level 1 of the Lair of Beasts
 12458 | Lair:1   | Reached skill level 10 in Necromancy
 12471 | Lair:1   | Reached skill level 5 in Fighting
 13202 | D:11     | Reached skill level 5 in Ice Magic
 13233 | Lair:1   | Learned a level 4 spell: Sticky Flame
 13240 | D:11     | Reached skill level 1 in Earth Magic
 13352 | D:11     | Found Fagafuf's Pet Rocks.
 13387 | D:11     | Got Simple Magic
 13565 | D:11     | Noticed Psyche
 13567 | D:11     | Noticed a two-headed ogre
 13570 | D:11     | Killed Psyche
 13574 | D:11     | Killed a two-headed ogre
 13575 | D:11     | Reached skill level 16 in Spellcasting
 13823 | Lair:2   | Reached skill level 5 in Fire Magic
 13935 | Lair:2   | Offered knowledge of Ozocubu's Refrigeration by Vehumet.
 13949 | Lair:2   | Learned a level 7 spell: Ozocubu's Refrigeration
 14165 | Lair:2   | Reached skill level 5 in Air Magic
 14173 | Lair:2   | Reached XP level 13. HP: 73/73 MP: 35/35
 14321 | Lair:2   | Found a transporter.
 14323 | Lair:2   | Found a transporter.
 14375 | Lair:2   | Found a staircase to the Shoals.
 14683 | Lair:3   | Found a hole to the Spider Nest.
 14809 | Lair:3   | Identified the +3 leather armour of Okawaru's Inspiration
                  | {Str+4}
 15452 | Lair:4   | Noticed Rupert
 15459 | Lair:4   | Killed Rupert
 15614 | Lair:4   | Reached skill level 5 in Poison Magic
 16055 | Lair:5   | Entered Level 5 of the Lair of Beasts
 16063 | Lair:5   | Reached skill level 17 in Spellcasting
 16169 | Lair:5   | Engulfed by a cloud of freezing vapour

Illustrated notes

Levels and vault maps discovered:
D:1:      sevenhm_arrival_forest_fort_small_3, layout_rooms,
          chequers_serial_rivers_room_b, minmay_misc_feat_five
D:2:      layout_loops_ring, dreamdust_ecumenical_altar_angels_and_demons,
          serial_shops, shop
D:3:      layout_basic, grunt_temple_overflow_open, minmay_misc_feat_iff
D:4:      layout_basic, nicolae_overflow_quartered_altars, serial_shops,
          nicolae_diamond_shop
D:5:      layout_loops_ring, lemuel_doored_altar, minmay_misc_feat_rows,
          dreamdust_wishing_well
D:6:      layout_loops_cross, fedhas_altar_fruit_tree,
          minmay_temple_entry_glass, uniq_pikel, uniq_blork_the_orc
D:7:      layout_basic, uniq_menkaure, uniq_joseph, uniq_crazy_yiuf_cottage
D:8:      layout_basic, nicolae_uskayaw_dance_hall, serial_demonic,
          serial_demonic_d, serial_demonic_a, serial_demonic_c,
          serial_demonic_c, nicolae_diode_quadrants
D:9:      layout_irregular_city, kennysheep_little_box, enter_bailey_4,
          minmay_between, uniq_harold
D:10:     layout_basic, nicolae_ru_awakened_eye
D:11:     layout_rooms, hellmonk_lair_entry_icy, serial_ice, serial_ice_j,
          serial_ice_m, serial_ice_o, serial_ice_c, serial_ice_g, serial_ice_f,
          guppyfry_shop_earth, uniq_psyche, uniq_lodul
D:12:     layout_roguey, nicolae_trove_entry_crossroad
Lair:1:   layout_small_grid
Lair:2:   gammafunk_boulding_lane, layout_small_grid, elwin_shoals_entry_rooms
Lair:3:   kb_forest_paths, layout_chaotic_city, spider_nest_entry_rubble
Lair:4:   layout_hall_layers, grunt_megastairs_3, lemuel_fruit_fields,
          uniq_rupert
Lair:5:   guppyfry_lair_end_dragon, layout_misc_corridors, wormcave,
          dpeg_slime_entry_enclosed
Orc:1:    layout_caves
Orc:2:    pf_orc_diabolical, layout_diamond_mine, uniq_azrael

Skill      XL: |  1  2  3  4  5  6  7  8  9 10 11 12 13 |
---------------+----------------------------------------+-----
Necromancy     | 1 2 3 5 6 7 8 9 10 | 10.2
Spellcasting   | 5 6 7 9 10 12 13 14 16 17 | 17.1
Conjurations   | 1 3 4 5 6 7 |  7.2
Shields        | 2 |  2.7
Short Blades   | 1 2 3 |  3.6
Dodging        | 1 2 3 4 5 6 7 8 |  8.9
Translocations | 3 4 |  4.3
Stealth        | 2 3 |  3.7
Poison Magic   | 1 3 5 |  5.3
Transmutations | 2 4 |  4.3
Fire Magic     | 2 3 4 5 |  5.4
Ice Magic      | 1 3 4 5 |  5.9
Throwing       | 1 2 |  2.0
Air Magic      | 1 4 5 |  5.6
Fighting       | 2 4 5 6 |  6.7
Armour         | 1 2 3 |  3.1
Earth Magic    | 2 3 |  3.9
Invocations    | |  1.0
Evocations     | |  0.3

Action                     |  1- 3 |  4- 6 |  7- 9 | 10-12 | 13-15 || total
---------------------------+-------+-------+-------+-------+-------++-------
  Melee: Short sword       |    23 |       |       |       |       ||    23
         Rapier            |    26 |    35 |    28 |   137 |    43 ||   269
  Throw: Dart              |     3 |    11 |    11 |    39 |       ||    64
         Boomerang         |       |       |       |     2 |       ||     2
   Cast: Apportation       |    32 |    23 |    19 |    48 |     8 ||   130
         Magic Dart        |    45 |    40 |    21 |     1 |       ||   107
         Vampiric Draining |     1 |    24 |    26 |    83 |    18 ||   152
         Blink             |       |     3 |       |    12 |     4 ||    19
         Searing Ray       |       |     5 |    59 |    43 |       ||   107
         Frozen Ramparts   |       |       |     3 |    36 |     2 ||    41
         Ignite Poison     |       |       |     2 |    49 |    27 ||    78
         Arcjolt           |       |       |       |     5 |       ||     5
         Poisonous Vapours |       |       |       |    60 |    35 ||    95
         Wereblood         |       |       |       |     5 |       ||     5
         Fireball          |       |       |       |    12 |       ||    12
         Mephitic Cloud    |       |       |       |     4 |    10 ||    14
         Sticky Flame      |       |       |       |     3 |    12 ||    15
         Freezing Cloud    |       |       |       |     3 |     6 ||     9
  Evoke: Wand              |       |       |     1 |     3 |       ||     4
    Use: Scroll            |     1 |     1 |     8 |     9 |     2 ||    21
         Potion            |       |     1 |     1 |     2 |       ||     4
   Stab: Sleeping          |     5 |       |     4 |     3 |     4 ||    16
         Distracted        |       |       |       |     1 |     1 ||     2
         Confused          |       |       |       |       |     4 ||     4
 Armour: Robe              |    20 |    14 |    38 |    75 |       ||   147
         Troll leather arm |       |       |       |    15 |    14 ||    29
  Dodge: Dodged            |    34 |    40 |    83 |   267 |    38 ||   462
  Block: Buckler           |    20 |    17 |    30 |    70 |    22 ||   159
